 Dungeon Crawl Stone Soup version 0.30-a0-140-gd1020e658a (webtiles) character file.

Game seed: 16719576863475892373

8624 qw the Cleaver (level 11, -3/69 HPs)
             Began as a Gargoyle Fighter on Sept 24, 2022.
             Was a High Priest of Okawaru.
             Slain by a yak (10 damage)
             ... led by a torpor snail
             ... on level 1 of the Lair of Beasts.
             The game lasted 00:04:28 (10227 turns).

qw the Cleaver (Gargoyle Fighter)                  Turns: 10227, Time: 00:04:29

Health: -3/69      AC: 30    Str: 28    XL:     11   Next: 33%
Magic:  13/15      EV:  9    Int:  8    God:    Okawaru [*****.]
Gold:   576        SH: 12    Dex:  8    Spells: 10/10 levels left

rFire   . . .      SeeInvis +    Y - +0 broad axe
rCold   . . .      Faith    .    b - +0 kite shield
rNeg    + . .      Spirit   .    h - +0 chain mail
rPois   inf        Reflect  .    (no helmet)
rElec   +          Harm     .    f - +0 cloak
rCorr   .          Rampage  .    y - +2 pair of gloves
Will    .....                    r - +0 pair of boots
Stlth   ..........               k - amulet of the acrobat
HPRegen 0.21/turn                l - ring of see invisible
MPRegen 0.14/turn                e - +4 ring of protection

@: about to teleport, heroic, unable to drink
A: sickness immunity, AC +8, negative energy resistance 1, electricity
resistance, torment resistance 1, petrification resistance, strong 1, no potion
heal 1, inability to drink after injury 1
a: Renounce Religion, Heroism, Finesse, Duel


You were on level 1 of the Lair of Beasts.
You worshipped Okawaru.
Okawaru was extremely pleased with you.
You visited 3 branches of the dungeon, and saw 10 of its levels.
You also visited: Ossuary.

You collected 741 gold pieces.
You spent 165 gold pieces at shops.


Innate Abilities, Weirdness & Mutations

You are immune to sickness and miasma.
Your stone body is resilient. (AC +8)
You are immune to poison.
You resist negative energy. (rN+)
You are resistant to electric shocks. (rElec)
You are resistant to unholy torment.
You are immune to petrification.
Your muscles are strong. (Str +4, Int/Dex -1)
Potions are less effective at restoring your health.
You occasionally lose the ability to drink potions when taking damage.


   Skills:
 - Level 8.7(13.7) Fighting
 + Level 10.2(15.2) Axes
 - Level 2.4(7.4) Throwing
 - Level 6.1(11.1) Armour
 - Level 1.1(6.1) Dodging
 - Level 9.2(14.2) Shields
 + Level 6.3 Invocations


You had 10 spell levels left.
You didn't know any spells.
Your spell library was empty.

Inventory:

Hand Weapons
 x - a +4 morningstar
 Y - a +0 broad axe (weapon)
Armour
 b - a +0 kite shield (worn)
 f - a +0 cloak (worn)
 h - a +0 chain mail (worn)
 r - a +0 pair of boots (worn)
 v - +0 acid dragon scales
 y - a +2 pair of gloves (worn)
Jewellery
 c - a ring of resist corrosion
 e - a +4 ring of protection (right hand)
 i - a ring of willpower
 k - an amulet of the acrobat (around neck)
 l - a ring of see invisible (left hand)
 n - a ring of protection from cold
 o - a ring of fire
 u - a ring of protection from fire
Scrolls
 a - 3 scrolls of teleportation
 m - a scroll of identify
Potions
 d - 4 potions of might
 g - a potion of haste {unknown}
 j - a potion of curing
 p - a potion of heal wounds
 q - 2 potions of ambrosia {unknown}
 t - a potion of flight {unknown}
 w - a potion of degeneration {unknown}

Dungeon Overview and Level Annotations

Branches:
Dungeon (8/15)             Temple (1/1) D:5            Lair (1/5) D:8
Ossuary (visited)

Altars:
Ashenzari
Cheibriados
Dithmenos
Elyvilon
Fedhas
Gozag
Hepliaklqana
Kikubaaqudgha
Makhleb
Nemelex Xobeh
Okawaru
Qazlal
Ru
Sif Muna
Trog
Uskayaw
Vehumet
Wu Jian
Xom
Yredelemnul
Zin
The Shining One

Shops:
D:4 =(

Annotations:
D:6 1 runed translucent door, qw's ghost, novice GrFi


Message History

You block the blink frog's attack. You block the yak's attack. x2
The blink frog hits you!
You feel threatened and lose the ability to drink potions!
The blink frog hits you but does no damage.
You completely miss the blink frog.
The blink frog is severely wounded.
You barely miss the blink frog. You slash the yak! You hit the yak.
The blink frog blinks!
The yak closely misses you. The yak gores you but does no damage.
The blink frog closely misses you.
The blink frog blinks!
You slash the yak!
You kill the yak!
Okawaru accepts your kill.
You closely miss the blink frog. You hit the blink frog. You slice the yak!!
You kill the yak!
Okawaru accepts your kill.
You feel like a meek peon again.
The blink frog hits you but does no damage.
The blink frog barely misses you. The blink frog hits you.
Your Armour skill increases to level 6!
10224 ||| READING 4 scrolls of teleportation.
As you read the scroll of teleportation, it crumbles to dust.
You feel strangely unstable. You block the blink frog's attack.
The yak gores you but does no damage.
The blink frog hits you but does no damage.
The blink frog blinks!
10225 ||| INVOKING Heroism.
You gain the combat prowess of a mighty hero.
You block the blink frog's attack. The yak gores you but does no damage.
You hit the blink frog.
The blink frog is severely wounded.
You closely miss the yak. You barely miss the blink frog.
You block the blink frog's attack. You block the yak's attack.
The blink frog hits you!
You slash the blink frog!
You kill the blink frog!
Okawaru accepts your kill.
You barely miss the blink frog. You hit the blink frog. You hit the yak.
You block the blink frog's attack.
The blink frog blinks!
The yak gores you!
You die...

......$...# .......(..#
##........# #P........##
#...F.....# ###
#.........# ##
#.#######......FF##.(##P.
..............%ยค@Y.......
...............#.####....
.##..##+#+##...### Y
.#.........#...#
.#.........P...#
.#.............##
..###.####.....P#
..%............## .#
.%.............# ...


You could see a yak and 3 blink frogs.

Vanquished Creatures
  A hydra (Lair:1)
  2 two-headed ogres (D:8)
  A black mamba (Lair:1)
  Maurice (D:8)
  A torpor snail (Lair:1)
  Maggie (D:7)
  3 komodo dragons (D:8)
  3 blink frogs (Lair:1)
  3 yaks (Lair:1)
  A wyvern (D:8)
  2 vampire mosquitoes (Lair:1)
  3 water moccasins
  An orc warrior (D:8)
  A swamp drake (D:8)
  2 sky beasts
  3 black bears
  2 ogres (D:6)
  2 centaurs
  A phantom (D:4)
  An elf zombie (Ossuary)
  A gnoll sergeant (D:8)
  6 bullfrogs
  A necrophage (D:6)
  A scorpion (D:7)
  4 wights (D:8)
  9 killer bees
  3 howler monkeys
  2 hounds
  A jelly (D:4)
  A human zombie (Ossuary)
  2 gnoll boudas
  4 orc priests
  3 iguanas
  5 orc wizards
  A hound zombie (Ossuary)
  5 mummies
  19 gnolls
  7 adders
  2 shadow imps
  A white imp (D:6)
  An ufetubus (D:5)
  2 adder zombies (Ossuary)
  3 worms
  4 dart slugs
  25 orcs
  6 ball pythons
  6 endoplasms
  2 giant cockroaches
  6 goblins
  11 hobgoblins
  16 jackals
  4 quokkas
  A bat (D:3)
  3 frilled lizards (D:1)
  A goblin zombie (Ossuary)
  A hobgoblin zombie (Ossuary)
  2 jackal zombies (Ossuary)
  8 kobolds
  A kobold zombie (Ossuary)
  4 rats
  2 rat zombies (Ossuary)
222 creatures vanquished.

Vanquished Creatures (others)
  9 fungi (Lair:1)
  2 plants (Lair:1)
11 creatures vanquished.

Grand Total: 233 creatures vanquished

Notes
Turn   | Place    | Note
-------+----------+-------------------------------------------
     0 | D:1      | qw the Gargoyle Fighter began the quest for the Orb.
     0 | D:1      | Reached XP level 1. HP: 14/14 MP: 1/1
     0 | D:1      | 0 ||| qw: Version: 0.1.0-9-gbc19398
     0 | D:1      | 0 ||| qw: Game counter: 11
     0 | D:1      | 0 ||| qw: Always use a shield: true
     0 | D:1      | 0 ||| qw: God list: Okawaru
     0 | D:1      | 0 ||| qw: Allow faded altars: false
     0 | D:1      | 0 ||| qw: Do Orc after D:15 true
     0 | D:1      | 0 ||| qw: Do second Lair branch before Depths: true
     0 | D:1      | 0 ||| qw: Lair rune preference: random
     0 | D:1      | 0 ||| qw: Plans: Normal, Zot:1-4, God:TSO, Crypt, Tomb,
                  | Pan, Slime:5, Hells, Abyss, Orb
     0 | D:1      | 0 ||| PLANNING D:1-11
    45 | D:1      | 45 ||| Stepping ~*~*~tactically~*~*~ (stealth).
    51 | D:1      | Reached skill level 2 in Axes
   198 | D:1      | Reached XP level 2. HP: 19/19 MP: 2/2
   235 | D:1      | 235 ||| Stepping ~*~*~tactically~*~*~ (hiding).
   249 | D:1      | 249 ||| Stepping ~*~*~tactically~*~*~ (stealth).
   386 | D:1      | 386 ||| Stepping ~*~*~tactically~*~*~ (stealth).
   387 | D:1      | 387 ||| Stepping ~*~*~tactically~*~*~ (stealth).
   390 | D:1      | 390 ||| Stepping ~*~*~tactically~*~*~ (stealth).
   392 | D:1      | 392 ||| Stepping ~*~*~tactically~*~*~ (stealth).
   398 | D:1      | 398 ||| Stepping ~*~*~tactically~*~*~ (stealth).
   400 | D:1      | 400 ||| Stepping ~*~*~tactically~*~*~ (stealth).
   401 | D:1      | 401 ||| Stepping ~*~*~tactically~*~*~ (stealth).
   404 | D:1      | 404 ||| Stepping ~*~*~tactically~*~*~ (stealth).
   405 | D:1      | 405 ||| Stepping ~*~*~tactically~*~*~ (stealth).
   410 | D:1      | 410 ||| Stepping ~*~*~tactically~*~*~ (stealth).
   411 | D:1      | 411 ||| Stepping ~*~*~tactically~*~*~ (stealth).
   412 | D:1      | 412 ||| DROPPING +0 club.
   416 | D:1      | 416 ||| Stepping ~*~*~tactically~*~*~ (stealth).
   417 | D:1      | 417 ||| Stepping ~*~*~tactically~*~*~ (stealth).
   496 | D:1      | Reached skill level 3 in Axes
   622 | D:1      | Reached XP level 3. HP: 23/23 MP: 3/3
  1040 | D:1      | 1040 ||| UPGRADING to +0 chain mail.
  1050 | D:1      | 1050 ||| DROPPING +0 scale mail.
  1051 | D:1      | 1051 ||| UPGRADING to amulet of the acrobat.
  1056 | D:1      | 1056 ||| READING scroll labelled COLIUFEULE.
  1057 | D:1      | 1057 ||| READING scroll labelled YRAHOCKO BILEL.
  1058 | D:1      | 1058 ||| READING scroll labelled FEAMOXTE REING.
  1059 | D:1      | 1059 ||| READING scroll labelled YCAD DOOQIEFA.
  1141 | D:2      | 1141 ||| Stepping ~*~*~tactically~*~*~ (stealth).
  1144 | D:2      | 1144 ||| Stepping ~*~*~tactically~*~*~ (stealth).
  1154 | D:2      | 1154 ||| Stepping ~*~*~tactically~*~*~ (stealth).
  1159 | D:2      | 1159 ||| Stepping ~*~*~tactically~*~*~ (stealth).
  1166 | D:2      | 1166 ||| FLEEEEING.
  1184 | D:2      | 1184 ||| Stepping ~*~*~tactically~*~*~ (stealth).
  1235 | D:2      | 1235 ||| Stepping ~*~*~tactically~*~*~ (stealth).
  1316 | D:2      | 1316 ||| Stepping ~*~*~tactically~*~*~ (stealth).
  1345 | D:2      | 1345 ||| Stepping ~*~*~tactically~*~*~ (stealth).
  1358 | D:2      | 1358 ||| Stepping ~*~*~tactically~*~*~ (stealth).
  1580 | D:2      | 1580 ||| Stepping ~*~*~tactically~*~*~ (stealth).
  1591 | D:2      | Reached XP level 4. HP: 28/28 MP: 4/4
  1642 | D:2      | 1642 ||| Stepping ~*~*~tactically~*~*~ (stealth).
  1655 | D:2      | Reached skill level 4 in Axes
  1915 | D:2      | 1915 ||| UPGRADING to +0 pair of gloves.
  1920 | D:2      | 1920 ||| UPGRADING to ring of protection from cold.
  1921 | D:2      | 1921 ||| UPGRADING to +4 ring of protection.
  1922 | D:2      | 1922 ||| READING scroll labelled BOYDWO LILI.
  2058 | D:3      | 2058 ||| Stepping ~*~*~tactically~*~*~ (stealth).
  2078 | D:3      | 2078 ||| Stepping ~*~*~tactically~*~*~ (stealth).
  2086 | D:3      | 2086 ||| Stepping ~*~*~tactically~*~*~ (stealth).
  2087 | D:3      | 2087 ||| Stepping ~*~*~tactically~*~*~ (stealth).
  2092 | D:3      | 2092 ||| Stepping ~*~*~tactically~*~*~ (stealth).
  2093 | D:3      | 2093 ||| Stepping ~*~*~tactically~*~*~ (stealth).
  2188 | D:3      | Reached XP level 5. HP: 19/32 MP: 5/5
  2190 | D:3      | 2190 ||| FLEEEEING.
  2191 | D:3      | 2191 ||| FLEEEEING.
  2192 | D:3      | 2192 ||| FLEEEEING.
  2193 | D:3      | 2193 ||| FLEEEEING.
  2194 | D:3      | 2194 ||| FLEEEEING.
  2197 | D:3      | 2197 ||| FLEEEEING.
  2198 | D:3      | 2198 ||| FLEEEEING.
  2199 | D:3      | 2199 ||| FLEEEEING.
  2200 | D:3      | 2200 ||| FLEEEEING.
  2201 | D:3      | 2201 ||| FLEEEEING.
  2202 | D:3      | 2202 ||| STAIRDANCE
  2315 | D:2      | 2315 ||| READING scroll labelled TUZXIG ETUPS.
  2489 | D:3      | 2489 ||| Stepping ~*~*~tactically~*~*~ (hiding).
  2491 | D:3      | 2491 ||| Stepping ~*~*~tactically~*~*~ (hiding).
  2604 | D:3      | Identified the +0 scale mail of Philately {rF- Will+
                  | Regen+}
  2620 | D:3      | Found a faded altar of an unknown god.
  3144 | D:3      | 3144 ||| DROPPING +0 scale mail of Philately {rF- Will+
                  | Regen+}.
  3180 | D:4      | 3180 ||| PLANNING OSSUARY
  3185 | D:4      | Reached skill level 5 in Axes
  3229 | D:4      | Found Soas's Antique Weapon Emporium.
  3231 | D:4      | 3231 ||| Stepping ~*~*~tactically~*~*~ (stealth).
  3270 | D:4      | Reached XP level 6. HP: 26/39 MP: 6/6
  3352 | D:4      | 3352 ||| Stepping ~*~*~tactically~*~*~ (stealth).
  3371 | D:4      | 3371 ||| Stepping ~*~*~tactically~*~*~ (stealth).
  3372 | D:4      | 3372 ||| Stepping ~*~*~tactically~*~*~ (stealth).
  3373 | D:4      | 3373 ||| FLEEEEING.
  3374 | D:4      | 3374 ||| FLEEEEING.
  3379 | D:4      | 3379 ||| FLEEEEING.
  3380 | D:4      | 3380 ||| FLEEEEING.
  3381 | D:4      | 3381 ||| FLEEEEING.
  3382 | D:4      | 3382 ||| FLEEEEING.
  3383 | D:4      | 3383 ||| FLEEEEING.
  3389 | D:4      | 3389 ||| FLEEEEING.
  3390 | D:4      | 3390 ||| FLEEEEING.
  3391 | D:4      | 3391 ||| FLEEEEING.
  3392 | D:4      | 3392 ||| FLEEEEING.
  3407 | D:4      | 3407 ||| FLEEEEING.
  3408 | D:4      | 3408 ||| FLEEEEING.
  3409 | D:4      | 3409 ||| FLEEEEING.
  3410 | D:4      | 3410 ||| FLEEEEING.
  3411 | D:4      | 3411 ||| FLEEEEING.
  3412 | D:4      | 3412 ||| FLEEEEING.
  3431 | D:4      | 3431 ||| FLEEEEING.
  3432 | D:4      | 3432 ||| FLEEEEING.
  3454 | D:4      | 3454 ||| FLEEEEING.
  3459 | D:4      | 3459 ||| FLEEEEING.
  3460 | D:4      | 3460 ||| FLEEEEING.
  3461 | D:4      | 3461 ||| FLEEEEING.
  3560 | D:4      | 3560 ||| DROPPING +0 whip.
  3582 | D:4      | Found a sand-covered staircase.
  3584 | D:4      | 3584 ||| READING scroll labelled HOABOKHLAN.
  3591 | Ossuary  | Entered an ossuary
  3620 | Ossuary  | HP: 8/39 [human zombie (3)]
  3623 | Ossuary  | HP: 3/39 [human zombie (6)]
  3625 | Ossuary  | Reached skill level 6 in Axes
  3917 | Ossuary  | Reached XP level 7. HP: 44/44 MP: 7/7
  3936 | Ossuary  | 3936 ||| READING scroll of enchant armour.
  3936 | Ossuary  | 3936 ||| ENCHANTING +0 pair of gloves.
  4035 | Ossuary  | Reached skill level 1 in Dodging
  4097 | Ossuary  | 4097 ||| READING scroll labelled PYSU QIORE.
  4098 | Ossuary  | 4098 ||| READING 2 scrolls labelled NATYEG CEKKAG.
  4099 | Ossuary  | 4099 ||| READING 2 scrolls labelled RONUPEIC CUPH.
  4100 | Ossuary  | 4100 ||| DRINKING 3 fuming green potions.
  4100 | Ossuary  | Gained mutation: You are agile. (Dex +4, Str/Int -1)
                  | [potion of mutation]
  4100 | Ossuary  | Gained mutation: You are frail. (-10% HP) [potion of
                  | mutation]
  4100 | Ossuary  | Gained mutation: You have a pair of small horns on your
                  | head. [potion of mutation]
  4101 | Ossuary  | 4101 ||| DRINKING 2 potions of mutation.
  4101 | Ossuary  | Lost mutation: You have a pair of small horns on your head.
                  | [potion of mutation]
  4101 | Ossuary  | Lost mutation: You are frail. (-10% HP) [potion of
                  | mutation]
  4101 | Ossuary  | Gained mutation: Potions are less effective at restoring
                  | your health. [potion of mutation]
  4101 | Ossuary  | Gained mutation: You occasionally lose the ability to drink
                  | potions when taking damage. [potion of mutation]
  4101 | Ossuary  | Gained mutation: You sometimes lose your temper in combat.
                  | [potion of mutation]
  4101 | Ossuary  | Gained mutation: Your spells are a little harder to cast,
                  | but a little more powerful. [potion of mutation]
  4131 | Ossuary  | 4131 ||| DRINKING potion of mutation.
  4131 | Ossuary  | Lost mutation: Your spells are a little harder to cast, but
                  | a little more powerful. [potion of mutation]
  4131 | Ossuary  | Lost mutation: You sometimes lose your temper in combat.
                  | [potion of mutation]
  4131 | Ossuary  | Gained mutation: You are frail. (-10% HP) [potion of
                  | mutation]
  4131 | Ossuary  | Gained mutation: You have a pair of small antennae on your
                  | head. [potion of mutation]
  4132 | Ossuary  | 4132 ||| DROPPING scroll of butterflies.
  4133 | Ossuary  | 4133 ||| DROPPING scroll of poison.
  4145 | D:4      | 4145 ||| PLANNING D:1-11
  4168 | D:4      | 4168 ||| Stepping ~*~*~tactically~*~*~ (hiding).
  4169 | D:4      | 4169 ||| Stepping ~*~*~tactically~*~*~ (hiding).
  4172 | D:4      | 4172 ||| Stepping ~*~*~tactically~*~*~ (hiding).
  4190 | D:4      | 4190 ||| FLEEEEING.
  4205 | D:4      | 4205 ||| FLEEEEING.
  4206 | D:4      | 4206 ||| FLEEEEING.
  4207 | D:4      | 4207 ||| FLEEEEING.
  4299 | D:4      | 4299 ||| Stepping ~*~*~tactically~*~*~ (stealth).
  4366 | D:4      | Identified the +6 whip "Killer Bee's Doom" {flame, rF+
                  | Will++ Str+3}
  4368 | D:4      | 4368 ||| DROPPING +0 flail.
  4406 | D:4      | Found Puezeaw's Jewellery Boutique.
  4414 | D:4      | 4414 ||| SHOPLISTING +6 ring of strength (396 gold, have
                  | 211).
  4414 | D:4      | 4414 ||| SHOPLISTING amulet of guardian spirit (330 gold,
                  | have 211).
  4414 | D:4      | 4414 ||| SHOPLISTING amulet of regeneration (330 gold, have
                  | 211).
  4414 | D:4      | 4414 ||| SHOPLISTING ring "Etoth" {Will++ AC+4} (627 gold,
                  | have 211).
  4414 | D:4      | 4414 ||| SHOPLISTING ring of fire (275 gold, have 211).
  4414 | D:4      | 4414 ||| SHOPLISTING ring of protection from cold (275
                  | gold, have 211).
  4414 | D:4      | 4414 ||| SHOPLISTING ring of resist corrosion (220 gold,
                  | have 211).
  4414 | D:4      | 4414 ||| BUYING ring of see invisible (165 gold).
  4414 | D:4      | Bought a ring of see invisible for 165 gold pieces
  4745 | D:4      | 4745 ||| Stepping ~*~*~tactically~*~*~ (hiding).
  4746 | D:4      | 4746 ||| Stepping ~*~*~tactically~*~*~ (hiding).
  4772 | D:4      | Reached skill level 7 in Axes
  4792 | D:4      | 4792 ||| UPGRADING to ring of see invisible.
  4794 | D:4      | 4794 ||| DRINKING 2 cyan potions.
  4795 | D:4      | 4795 ||| DROPPING potion of brilliance.
  4802 | D:5      | Entered Level 5 of the Dungeon
  4827 | D:5      | You fall into a shaft and drop 1 floor!
  4864 | D:6      | 4864 ||| Stepping ~*~*~tactically~*~*~ (stealth).
  4887 | D:6      | 4887 ||| Stepping ~*~*~tactically~*~*~ (stealth).
  4956 | D:6      | Reached XP level 8. HP: 38/44 MP: 8/8
  5089 | D:6      | Reached skill level 8 in Axes
  5170 | D:5      | 5170 ||| DROPPING +2 whip of venom.
  5398 | D:5      | HP: 3/45 [gnoll/+0 halberd[a gnoll bouda] (12)]
  5399 | D:5      | 5399 ||| READING 2 scrolls of teleportation.
  5418 | D:5      | 5418 ||| Stepping ~*~*~tactically~*~*~ (stealth).
  5423 | D:5      | 5423 ||| Stepping ~*~*~tactically~*~*~ (hiding).
  5424 | D:5      | 5424 ||| READING scroll of teleportation.
  5426 | D:5      | Found a staircase to the Ecumenical Temple.
  5427 | D:5      | 5427 ||| PLANNING TEMPLE
  5428 | D:5      | 5428 ||| FLEEEEING.
  5429 | D:5      | 5429 ||| FLEEEEING.
  5430 | D:5      | 5430 ||| FLEEEEING.
  5431 | D:5      | 5431 ||| FLEEEEING.
  5432 | D:5      | 5432 ||| FLEEEEING.
  5435 | D:5      | 5435 ||| FLEEEEING.
  5436 | D:5      | 5436 ||| FLEEEEING.
  5437 | D:5      | 5437 ||| FLEEEEING.
  5440 | D:5      | 5440 ||| FLEEEEING.
  5442 | D:5      | 5442 ||| FLEEEEING.
  5443 | D:5      | 5443 ||| STAIRDANCE
  5679 | D:4      | 5679 ||| UPGRADING to +0 pair of boots.
  5684 | D:4      | 5684 ||| READING 2 scrolls of identify.
  5684 | D:4      | 5684 ||| IDENTIFYING fizzy dark potion
  5696 | D:5      | 5696 ||| STAIRDANCE
  5714 | D:5      | 5714 ||| FLEEEEING.
  5716 | D:5      | 5716 ||| FLEEEEING.
  5717 | D:5      | 5717 ||| FLEEEEING.
  5718 | D:5      | 5718 ||| FLEEEEING.
  5719 | D:5      | 5719 ||| FLEEEEING.
  5720 | D:5      | 5720 ||| FLEEEEING.
  5722 | D:5      | 5722 ||| FLEEEEING.
  5724 | D:5      | 5724 ||| FLEEEEING.
  5725 | D:5      | 5725 ||| FLEEEEING.
  5726 | D:5      | 5726 ||| FLEEEEING.
  5727 | D:5      | 5727 ||| FLEEEEING.
  5728 | D:5      | 5728 ||| STAIRDANCE
  5740 | D:5      | 5740 ||| STAIRDANCE
  5818 | Temple   | Entered the Ecumenical Temple
  5869 | Temple   | 5869 ||| PLANNING D:1-11
  5881 | Temple   | Became a worshipper of Warmaster Okawaru
  6282 | D:5      | 6282 ||| READING scroll labelled XOVVONGUNO.
  6337 | D:6      | Found a white marble altar of Elyvilon.
  6340 | D:6      | 6340 ||| STAIRDANCE
  6350 | D:5      | Reached skill level 6 in Fighting
  6466 | D:6      | 6466 ||| DROPPING +0 flail of holy wrath.
  6726 | D:6      | 6726 ||| FLEEEEING.
  6780 | D:6      | Reached * piety under Okawaru
  6878 | D:6      | 6878 ||| Stepping ~*~*~tactically~*~*~ (hiding).
  6880 | D:6      | 6880 ||| INVOKING Heroism.
  6889 | D:6      | Reached XP level 9. HP: 50/50 MP: 6/9
  6970 | D:6      | Found a runed translucent door.
  6971 | D:6      | Noticed qw's ghost (novice GrFi)
  7109 | D:6      | 7109 ||| READING 2 scrolls of identify.
  7109 | D:6      | 7109 ||| IDENTIFYING bubbling sapphire potion
  7132 | D:7      | Found a stormy altar of Qazlal.
  7132 | D:7      | Found a radiant altar of Vehumet.
  7132 | D:7      | Found a shimmering blue altar of Sif Muna.
  7146 | D:7      | Noticed Maggie
  7148 | D:7      | 7148 ||| FLEEEEING.
  7149 | D:7      | 7149 ||| FLEEEEING.
  7150 | D:7      | 7150 ||| FLEEEEING.
  7151 | D:7      | 7151 ||| FLEEEEING.
  7152 | D:7      | 7152 ||| FLEEEEING.
  7158 | D:7      | 7158 ||| STAIRDANCE
  7293 | D:7      | Killed Maggie
  7294 | D:7      | Reached skill level 9 in Axes
  7333 | D:7      | Found an ornate altar of the Wu Jian Council.
  7333 | D:7      | Found a basalt altar of Yredelemnul.
  7334 | D:7      | 7334 ||| SWAPPING to +0 broad axe.
  7335 | D:7      | 7335 ||| DROPPING +1 war axe.
  7457 | D:7      | Reached skill level 3 in Invocations
  7603 | D:7      | 7603 ||| DRINKING potion of mutation.
  7603 | D:7      | Lost mutation: You are frail. (-10% HP) [potion of
                  | mutation]
  7603 | D:7      | Lost mutation: You are agile. (Dex +4, Str/Int -1) [potion
                  | of mutation]
  7603 | D:7      | Lost mutation: You have a pair of small antennae on your
                  | head. [potion of mutation]
  7603 | D:7      | Gained mutation: Your muscles are strong. (Str +4, Int/Dex
                  | -1) [potion of mutation]
  7645 | D:7      | 7645 ||| Stepping ~*~*~tactically~*~*~ (stealth).
  7647 | D:7      | 7647 ||| Stepping ~*~*~tactically~*~*~ (hiding).
  7649 | D:7      | 7649 ||| Stepping ~*~*~tactically~*~*~ (hiding).
  7651 | D:7      | 7651 ||| Stepping ~*~*~tactically~*~*~ (hiding).
  7938 | D:7      | 7938 ||| Stepping ~*~*~tactically~*~*~ (stealth).
  7941 | D:7      | 7941 ||| Stepping ~*~*~tactically~*~*~ (hiding).
  7991 | D:7      | 7991 ||| UPGRADING to +2 pair of gloves.
  8001 | D:7      | 8001 ||| DROPPING +1 pair of gloves.
  8002 | D:7      | 8002 ||| READING scroll labelled ODWETHR IP WIRO.
  8035 | D:8      | Noticed a two-headed ogre
  8036 | D:8      | 8036 ||| INVOKING Heroism.
  8045 | D:8      | Killed a two-headed ogre
  8045 | D:8      | Reached ** piety under Okawaru
  8219 | D:8      | 8219 ||| Stepping ~*~*~tactically~*~*~ (hiding).
  8220 | D:8      | 8220 ||| Stepping ~*~*~tactically~*~*~ (hiding).
  8230 | D:8      | Reached XP level 10. HP: 62/65 MP: 13/13
  8315 | D:8      | 8315 ||| Stepping ~*~*~tactically~*~*~ (stealth).
  8386 | D:8      | 8386 ||| Stepping ~*~*~tactically~*~*~ (hiding).
  8389 | D:8      | 8389 ||| INVOKING Heroism.
  8537 | D:8      | Noticed Maurice
  8548 | D:8      | 8548 ||| Stepping ~*~*~tactically~*~*~ (hiding).
  8549 | D:8      | 8549 ||| Stepping ~*~*~tactically~*~*~ (hiding).
  8555 | D:8      | Killed Maurice
  8556 | D:8      | Reached skill level 10 in Axes
  8621 | D:8      | 8621 ||| FLEEEEING.
  8622 | D:8      | 8622 ||| FLEEEEING.
  8623 | D:8      | 8623 ||| FLEEEEING.
  8626 | D:8      | 8626 ||| FLEEEEING.
  8627 | D:8      | 8627 ||| FLEEEEING.
  8630 | D:8      | 8630 ||| STAIRDANCE
  8732 | D:7      | 8732 ||| UPGRADING to +0 kite shield.
  8742 | D:7      | 8742 ||| DROPPING +0 buckler.
  8743 | D:7      | 8743 ||| UPGRADING to +0 cloak.
  8748 | D:7      | 8748 ||| READING scroll labelled OFOL LUUGOHIUS.
  8748 | D:7      | Identified a scroll of acquirement
  8748 | D:7      | 8748 ||| ACQUIRING ring of resist corrosion
  8748 | D:7      | Acquired a ring of resist corrosion
  8752 | D:8      | 8752 ||| STAIRDANCE
  8766 | D:8      | 8766 ||| STAIRDANCE
  8785 | D:7      | 8785 ||| INVOKING Heroism.
  8889 | D:8      | 8889 ||| STAIRDANCE
  8913 | D:8      | 8913 ||| INVOKING Heroism.
  8919 | D:8      | 8919 ||| STAIRDANCE
  8943 | D:8      | 8943 ||| Stepping ~*~*~tactically~*~*~ (stealth).
  8944 | D:8      | 8944 ||| Stepping ~*~*~tactically~*~*~ (stealth).
  8951 | D:8      | 8951 ||| Stepping ~*~*~tactically~*~*~ (stealth).
  8955 | D:8      | Reached *** piety under Okawaru
  8957 | D:8      | 8957 ||| FLEEEEING.
  8958 | D:8      | 8958 ||| FLEEEEING.
  8959 | D:8      | 8959 ||| STAIRDANCE
  9023 | D:8      | 9023 ||| INVOKING Heroism.
  9033 | D:8      | 9033 ||| Stepping ~*~*~tactically~*~*~ (stealth).
  9039 | D:8      | Noticed a two-headed ogre
  9047 | D:8      | 9047 ||| INVOKING Heroism.
  9050 | D:8      | Killed a two-headed ogre
  9051 | D:8      | Reached skill level 6 in Shields
  9149 | D:8      | 9149 ||| FLEEEEING.
  9150 | D:8      | 9150 ||| STAIRDANCE
  9209 | D:8      | 9209 ||| DROPPING +6 whip "Killer Bee's Doom" {flame, rF+
                  | Will++ Str+3}.
  9210 | D:8      | 9210 ||| DROPPING +0 morningstar.
  9502 | D:8      | 9502 ||| INVOKING Heroism.
  9562 | D:8      | 9562 ||| INVOKING Heroism.
  9570 | D:8      | Reached skill level 1 in Throwing
  9750 | D:8      | Found a staircase to the Lair.
  9758 | D:8      | 9758 ||| INVOKING Heroism.
  9852 | D:8      | 9852 ||| PLANNING LAIR
  9852 | D:8      | 9852 ||| READING scroll labelled LAREM ADUKH.
  9859 | Lair:1   | Entered Level 1 of the Lair of Beasts
  9859 | Lair:1   | Noticed a black mamba
  9860 | Lair:1   | 9860 ||| INVOKING Heroism.
  9871 | Lair:1   | Killed a black mamba
  9871 | Lair:1   | Reached **** piety under Okawaru
  9940 | Lair:1   | Reached XP level 11. HP: 63/69 MP: 14/14
  9943 | Lair:1   | Noticed a four-headed hydra
  9944 | Lair:1   | 9944 ||| INVOKING Heroism.
  9947 | Lair:1   | 9947 ||| Stepping ~*~*~tactically~*~*~ (stealth).
  9948 | Lair:1   | 9948 ||| SWAPPING to +4 morningstar.
  9953 | Lair:1   | Killed a four-headed hydra
  9954 | Lair:1   | Reached skill level 9 in Shields
  9954 | Lair:1   | 9954 ||| SWAPPING to +0 broad axe.
 10169 | Lair:1   | 10169 ||| INVOKING Heroism.
 10193 | Lair:1   | 10193 ||| Stepping ~*~*~tactically~*~*~ (stealth).
 10197 | Lair:1   | 10197 ||| INVOKING Heroism.
 10217 | Lair:1   | Reached ***** piety under Okawaru
 10218 | Lair:1   | Reached skill level 6 in Invocations
 10223 | Lair:1   | HP: 16/69 [blink frog (6)]
 10224 | Lair:1   | Reached skill level 6 in Armour
 10224 | Lair:1   | 10224 ||| READING 4 scrolls of teleportation.
 10225 | Lair:1   | 10225 ||| INVOKING Heroism.
 10226 | Lair:1   | HP: 6/69 [blink frog (10)]
 10227 | Lair:1   | Slain by a yak

Levels and vault maps discovered:
D:1:      lightli_arrival_flooded_house, layout_loops_cross,
          minmay_misc_feat_doors
D:2:      layout_loops_ring
D:3:      layout_basic, shapermc_ecumenical_altar_acropolis
D:4:      layout_basic, gup_ossuary_entry_pyramid, serial_shops, shop,
          nicolae_inconvenience_store, grunt_ministairs_3
D:5:      layout_loops_cross, minmay_temple_entry_glass
D:6:      layout_rooms, mainiacjoe_overflow_paths,
          ebering_ghost_reflecting_pool, corexii_leaking_fountain,
          minmay_misc_feat_secret_circle
D:7:      layout_rooms, grunt_temple_overflow_open, uniq_maggie
D:8:      layout_gridville, erik_lair_dragon, minmay_misc_feat_five,
          uniq_maurice
Temple:   nicolae_temple_x_marks_the_god
Lair:1:   layout_chaotic_city, pond, uniq_joseph

Skill      XL: |  1  2  3  4  5  6  7  8  9 10 11 |
---------------+----------------------------------+-----
Axes           | 2 3 4 5 6 7 8 9 10 | 10.2
Fighting       | 4 5 6 8 |  8.7
Dodging        | 1 |  1.1
Armour         | 4 5 6 |  6.1
Invocations    | 4 6 |  6.3
Shields        | 4 8 9 |  9.2
Throwing       | 2 |  2.4

Action                   |  1- 3 |  4- 6 |  7- 9 | 10-12 || total
-------------------------+-------+-------+-------+-------++-------
Melee: War axe           |    97 |   171 |   220 |       ||   488
       Broad axe         |       |       |    83 |   233 ||   316
       Morningstar       |       |       |       |     4 ||     4
Throw: Javelin           |       |       |       |     8 ||     8
Invok: Heroism           |       |       |     2 |    13 ||    15
  Use: Scroll            |     4 |     3 |    10 |     3 ||    20
       Potion            |       |       |     5 |       ||     5
Armor: Scale mail        |    21 |       |       |       ||    21
       Chain mail        |    22 |   124 |   218 |   155 ||   519
Dodge: Dodged            |    34 |    74 |   118 |    75 ||   301
Block: Buckler           |    14 |    30 |    67 |     5 ||   116
       Kite shield       |       |       |       |   137 ||   137

Table legend:
 A = Non-vault XP
 B = Vault XP
 C = Vault XP percentage of total XP
 D = Non-vault monster count
 E = Vault monster count
 F = Vault count percentage of total count
                 A         B        C        D         E       F
            +---------+---------+-------+---------+---------+-------
      Total |    8654 |    3916 |  31.2 |     191 |      31 |  14.0
            +---------+---------+-------+---------+---------+-------
        D:1 |      49 |       0 |   0.0 |      26 |       0 |   0.0
        D:2 |      51 |       0 |   0.0 |      21 |       0 |   0.0
        D:3 |     106 |       0 |   0.0 |      22 |       0 |   0.0
        D:4 |     313 |     208 |  39.9 |      29 |       5 |  14.7
        D:5 |     469 |       0 |   0.0 |      12 |       0 |   0.0
        D:6 |     934 |       0 |   0.0 |      20 |       0 |   0.0
        D:7 |     882 |     370 |  29.6 |      17 |       1 |   5.6
        D:8 |    2992 |    1862 |  38.4 |      31 |       6 |  16.2
     Lair:1 |    2858 |    1230 |  30.1 |      13 |       3 |  18.8
    Ossuary |       0 |     246 | 100.0 |       0 |      16 | 100.0
            +---------+---------+-------+---------+---------+-------
